[Event "Queens Festival Europe 2022"]
[Site "Tornelo"]
[Date "2022.06.19"]
[Round "3.7"]
[White "Okuyaz, Duru"]
[Black "Maksimovic, Suzana"]
[Result "1-0"]
[ECO "B33"]
[WhiteElo "2090"]
[BlackElo "2145"]
[Annotator "NA RC"]
[PlyCount "81"]
[EventDate "2022.06.19"]
[EventType "swiss"]
[EventCountry "NET"]
[SourceTitle "playchess.com"]
[Source "ChessBase"]
[SourceQuality "1"]
[TimeControl "180+2"]

1. e4 c5 2. Nf3 Nc6 3. d4 cxd4 4. Nxd4 Nf6 5. Nc3 e5 6. Ndb5 d6 7. Bg5 a6 8. Bxf6 gxf6 9. Na3 b5 10. Nd5 f5 11. g3 Bg7 12. Bg2 O-O 13. O-O fxe4 14. Bxe4 f5 15. Bg2 Ra7 16. c3 Kh8 17. Nc2 f4 18. a4 Bf5 19. axb5 axb5 20. Rxa7 Nxa7 21. gxf4 exf4 22. Nd4 Be5 23. Nxf5 Rxf5 24. Qf3 Qh4 25. Ra1 Rf7 26. Nb4 Rg7 27. Nd3 Nc8 28. Ra8 Rg8 29. Nxe5 dxe5 30. Qe4 Qg5 31. h4 Qg7 32. h5 Nd6 33. Rxg8+ Qxg8 34. Qxe5+ Qg7 35. Qxd6 h6 36. Qd8+ Kh7 37. Qd3+ Kh8 38. Qxb5 f3 39. Qe8+ Kh7 40. Qe4+ Kh8 41. Qxf3 1-0

[Event "Queens Festival Europe 2022"]
[Site "Tornelo"]
[Date "2022.06.19"]
[Round "3.7"]
[White "Malikova, Ulviyya"]
[Black "Mdivani, Maka"]
[Result "1-0"]
[ECO "E90"]
[WhiteElo "1805"]
[BlackElo "1901"]
[Annotator "NA RC"]
[PlyCount "69"]
[EventDate "2022.06.19"]
[EventType "swiss"]
[EventCountry "NET"]
[SourceTitle "playchess.com"]
[Source "ChessBase"]
[SourceQuality "1"]
[TimeControl "180+2"]

1. d4 Nf6 2. c4 d6 3. Nf3 g6 4. Nc3 Bg7 5. e4 Nbd7 6. Be2 a5 7. O-O e5 8. dxe5 dxe5 9. Qc2 c6 10. Na4 O-O 11. Be3 Ng4 12. Bc1 Rb8 13. c5 b5 14. cxb6 Nxb6 15. Nc5 Qc7 16. h3 Nf6 17. Be3 Nbd7 18. Bc4 Nxc5 19. Bxc5 Re8 20. Ng5 Be6 21. Nxe6 fxe6 22. Rfd1 Rbd8 23. Rxd8 Qxd8 24. Rd1 Qc8 25. Bb6 Qa8 26. Bxe6+ Kh8 27. Rd6 c5 28. Bd5 Nxd5 29. exd5 c4 30. Qxc4 Rc8 31. Rc6 Rf8 32. d6 Qe8 33. Rc7 Qa8 34. d7 Bf6 35. Rc8 1-0

[Event "Queens Festival Europe 2022"]
[Site "Tornelo"]
[Date "2022.06.19"]
[Round "3.7"]
[White "Posadas, Rayelynn"]
[Black "Vukosavljevic, Tatjana"]
[Result "1-0"]
[ECO "D77"]
[WhiteElo "1648"]
[BlackElo "1758"]
[Annotator "NA RC"]
[PlyCount "91"]
[EventDate "2022.06.19"]
[EventType "swiss"]
[EventCountry "NET"]
[SourceTitle "playchess.com"]
[Source "ChessBase"]
[SourceQuality "1"]
[TimeControl "180+2"]

1. Nf3 Nf6 2. d4 g6 3. g3 Bg7 4. Bg2 O-O 5. O-O d5 6. c4 e6 7. Nc3 b6 8. b3 Bb7 9. Ba3 Re8 10. Ne5 Nbd7 11. Rc1 Nxe5 12. dxe5 Nd7 13. cxd5 exd5 14. Nxd5 c6 15. Nf6+ Nxf6 16. exf6 Bxf6 17. Qxd8 Raxd8 18. Bxc6 Bxc6 19. Rxc6 Rxe2 20. Rxf6 Rxa2 21. Bd6 Kg7 22. Bc7 Rc8 23. Rc6 Re8 24. Bf4 Rb2 25. Rc3 b5 26. Ra1 Re7 27. b4 Rd7 28. Be5+ f6 29. Rc7 Rxc7 30. Bxc7 Rxb4 31. Rxa7 Kh6 32. Bf4+ Kh5 33. Rxh7+ Kg4 34. Be5 Kf3 35. h4 fxe5 36. Rf7+ Kg4 37. Kg2 Rb2 38. Re7 b4 39. Rxe5 b3 40. Re4+ Kf5 41. Rb4 Rb1 42. Kf3 b2 43. Rb5+ Ke6 44. Kg4 Kf6 45. f4 Ke6 46. Rb6+ 1-0

[Event "Queens Festival Europe 2022"]
[Site "Tornelo"]
[Date "2022.06.19"]
[Round "3.7"]
[White "Caku, Kler"]
[Black "Hariharan, Shambavi"]
[Result "1-0"]
[ECO "B12"]
[WhiteElo "1542"]
[BlackElo "1517"]
[Annotator "NA RC"]
[PlyCount "53"]
[EventDate "2022.06.19"]
[EventType "swiss"]
[EventCountry "NET"]
[SourceTitle "playchess.com"]
[Source "ChessBase"]
[SourceQuality "1"]
[TimeControl "180+2"]

1. e4 c6 2. d4 d5 3. e5 c5 4. c3 Nc6 5. Nf3 Bg4 6. Be2 e6 7. h3 Bxf3 8. Bxf3 cxd4 9. cxd4 Nge7 10. Nc3 Nf5 11. Ne2 Bb4+ 12. Bd2 Qa5 13. Bc3 O-O 14. O-O Qb6 15. Qd2 Be7 16. Rfd1 Rac8 17. Qd3 Nb4 18. Bxb4 Bxb4 19. Bxd5 exd5 20. Qxf5 Qe6 21. Qd3 Qg6 22. Qb3 Qa6 23. Nf4 Qc4 24. Nxd5 Qxb3 25. axb3 Rcd8 26. Nxb4 Rc8 27. Rxa7 1-0

[Event "Queens Festival Europe 2022"]
[Site "Tornelo"]
[Date "2022.06.19"]
[Round "3.8"]
[White "Ayzenberg, Alena"]
[Black "Machlik, Edit"]
[Result "1-0"]
[ECO "E11"]
[WhiteElo "2016"]
[BlackElo "2084"]
[Annotator "NA RC"]
[PlyCount "67"]
[EventDate "2022.06.19"]
[EventType "swiss"]
[EventCountry "NET"]
[SourceTitle "playchess.com"]
[Source "ChessBase"]
[SourceQuality "1"]
[TimeControl "180+2"]

1. d4 Nf6 2. c4 e6 3. Nf3 Bb4+ 4. Bd2 a5 5. Nc3 d6 6. g3 Nc6 7. Bg2 O-O 8. O-O e5 9. d5 Ne7 10. Qc2 Bf5 11. e4 Bxc3 12. exf5 Bxd2 13. Nxd2 Qd7 14. Bh3 c6 15. Ne4 cxd5 16. Nxf6+ gxf6 17. cxd5 Rfc8 18. Qe4 Kh8 19. f4 Rc5 20. Rad1 Rac8 21. b3 Rc2 22. fxe5 dxe5 23. Qh4 Ng8 24. Bg2 Rxa2 25. Rf2 Rxf2 26. Kxf2 Rc2+ 27. Kg1 Qd6 28. Kh1 Qd7 29. g4 Qd6 30. Rf1 Qc7 31. g5 fxg5 32. Qxg5 Qe7 33. f6 Qd6 34. Qg7# 1-0

[Event "Queens Festival Europe 2022"]
[Site "Tornelo"]
[Date "2022.06.19"]
[Round "3.8"]
[White "Grimaldi, Angela Flavia"]
[Black "Roy, Ali"]
[Result "0-1"]
[ECO "C10"]
[WhiteElo "1995"]
[BlackElo "1893"]
[Annotator "NA RC"]
[PlyCount "74"]
[EventDate "2022.06.19"]
[EventType "swiss"]
[EventCountry "NET"]
[SourceTitle "playchess.com"]
[Source "ChessBase"]
[SourceQuality "1"]
[TimeControl "180+2"]

1. e4 e6 2. d4 d5 3. Nc3 dxe4 4. Nxe4 Nd7 5. Nf3 Ngf6 6. Bd3 Nxe4 7. Bxe4 Nf6 8. Bd3 Be7 9. O-O O-O 10. c3 c5 11. Be3 cxd4 12. Nxd4 Qc7 13. h3 a6 14. Qc2 b5 15. a3 Bb7 16. Rfd1 Rfd8 17. Qe2 Rac8 18. Rac1 h6 19. c4 bxc4 20. Rxc4 Qd6 21. Rxc8 Rxc8 22. b4 Qd5 23. Nf3 Qb3 24. Rc1 Rd8 25. Bxa6 Bxa6 26. Qxa6 Rd1+ 27. Rxd1 Qxd1+ 28. Kh2 Nd5 29. Qc8+ Kh7 30. Bc5 Bf6 31. Qf8 Nf4 32. Be3 Ng6 33. Qxf7 Qd6+ 34. g3 e5 35. Kg2 e4 36. Nh2 Ne5 37. Ng4 Nxf7 0-1

[Event "Queens Festival Europe 2022"]
[Site "Tornelo"]
[Date "2022.06.19"]
[Round "3.8"]
[White "Tani, Selina"]
[Black "Andries, Leia"]
[Result "1-0"]
[ECO "B45"]
[WhiteElo "1146"]
[BlackElo "1438"]
[Annotator "NA RC"]
[PlyCount "65"]
[EventDate "2022.06.19"]
[EventType "swiss"]
[EventCountry "NET"]
[SourceTitle "playchess.com"]
[Source "ChessBase"]
[SourceQuality "1"]
[TimeControl "180+2"]

1. e4 c5 2. Nf3 Nc6 3. d4 cxd4 4. Nxd4 Nf6 5. Nc3 e6 6. Be2 Bb4 7. Bd2 Bxc3 8. Bxc3 Nxe4 9. Nxc6 bxc6 10. Bxg7 Rg8 11. Bd4 Qa5+ 12. c3 Qg5 13. g3 Qf5 14. Bd3 e5 15. Be3 d5 16. f3 Qh3 17. fxe4 Qg2 18. Rg1 Qxh2 19. exd5 cxd5 20. Bb5+ Kf8 21. Bc5+ Kg7 22. Qxd5 Bh3 23. Qxe5+ f6 24. Qe7+ Kg6 25. Bd3+ Bf5 26. Bxf5+ Kxf5 27. Rf1+ Kg6 28. Qxf6+ Kh5 29. Rf5+ Kg4 30. Rf4+ Kh3 31. Qh4+ Kg2 32. Rf2+ Kg1 33. Qxh2# 1-0

[Event "Queens Festival Europe 2022"]
[Site "Tornelo"]
[Date "2022.06.19"]
[Round "3.9"]
[White "Rahimli, Izzat"]
[Black "Shabanaj, Eglantina"]
[Result "0-1"]
[ECO "D02"]
[WhiteElo "1817"]
[BlackElo "1986"]
[Annotator "NA RC"]
[PlyCount "84"]
[EventDate "2022.06.19"]
[EventType "swiss"]
[EventCountry "NET"]
[SourceTitle "playchess.com"]
[Source "ChessBase"]
[SourceQuality "1"]
[TimeControl "180+2"]

1. d4 d5 2. Nf3 c6 3. e3 e6 4. Bd3 f5 5. b3 Nf6 6. Bb2 Bd6 7. O-O O-O 8. Ne5 Nbd7 9. Nd2 Qe8 10. f4 Ne4 11. c4 Ndf6 12. Ndf3 Ng4 13. Nxg4 fxg4 14. Ne5 Bxe5 15. dxe5 Qg6 16. Qc2 Bd7 17. Bxe4 dxe4 18. Rad1 Rad8 19. Ba3 Rf7 20. Rd6 h5 21. Rfd1 h4 22. R1d2 g3 23. h3 Qf5 24. Qd1 g5 25. Rxd7 Rdf8 26. Bxf8 Rxf8 27. Rxb7 gxf4 28. Qg4+ Qxg4 29. hxg4 f3 30. Rbd7 f2+ 31. Kf1 h3 32. Rd8 hxg2+ 33. Kxg2 f1=Q+ 34. Kxg3 Qg1+ 35. Kh4 Qxe3 36. Rxf8+ Kxf8 37. Rd8+ Ke7 38. Ra8 Qf2+ 39. Kh5 Qh2+ 40. Kg6 Qxe5 41. Rxa7+ Kd6 42. Ra8 e3 0-1

[Event "Queens Festival Europe 2022"]
[Site "Tornelo"]
[Date "2022.06.19"]
[Round "3.9"]
[White "Patel, Diah Dipal"]
[Black "Pyun, Lindsay"]
[Result "0-1"]
[ECO "C47"]
[WhiteElo "1313"]
[BlackElo "1526"]
[Annotator "NA RC"]
[PlyCount "44"]
[EventDate "2022.06.19"]
[EventType "swiss"]
[EventCountry "NET"]
[SourceTitle "playchess.com"]
[Source "ChessBase"]
[SourceQuality "1"]
[TimeControl "180+2"]

1. e4 e5 2. Nf3 Nc6 3. Nc3 Nf6 4. d4 exd4 5. Nxd4 Bc5 6. Nxc6 dxc6 7. Bd2 Be6 8. Bd3 h6 9. Qe2 Qe7 10. e5 Nd5 11. Nxd5 Bxd5 12. Be4 Qxe5 13. f3 Bxe4 14. O-O-O O-O-O 15. fxe4 Rhe8 16. Rhe1 f6 17. Qg4+ Kb8 18. Bf4 Qe7 19. Rxd8+ Rxd8 20. e5 a6 21. exf6 Qxe1+ 22. Qd1 Qxd1# 0-1

[Event "Queens Festival Europe 2022"]
[Site "Tornelo"]
[Date "2022.06.19"]
[Round "3.10"]
[White "Strnadova, Monika"]
[Black "Farzaliyeva, Shams"]
[Result "1-0"]
[ECO "B06"]
[WhiteElo "1518"]
[BlackElo "1219"]
[Annotator "NA RC"]
[PlyCount "73"]
[EventDate "2022.06.19"]
[EventType "swiss"]
[EventCountry "NET"]
[SourceTitle "playchess.com"]
[Source "ChessBase"]
[SourceQuality "1"]
[TimeControl "180+2"]

1. e4 g6 2. Nf3 Bg7 3. d4 d6 4. Be2 Nc6 5. Be3 Bg4 6. O-O Nf6 7. Nbd2 e5 8. d5 Ne7 9. c4 O-O 10. Rc1 Ne8 11. Ng5 Bxe2 12. Qxe2 f5 13. Ne6 Qd7 14. Nxf8 Bxf8 15. c5 f4 16. c6 bxc6 17. dxc6 Qc8 18. Bxf4 exf4 19. Qc4+ Kh8 20. Qf7 Ng8 21. Qxf8 Qg4 22. h3 Qg5 23. Nf3 Qb5 24. Qxf4 Nef6 25. Ng5 Rf8 26. Ne6 Rf7 27. b3 Re7 28. Nd4 Qd3 29. Rfd1 Qa6 30. f3 Qxa2 31. Qd2 Qa6 32. Ra1 Qb6 33. Qa5 Nh6 34. Qxa7 Nf7 35. Qxb6 cxb6 36. Ra8+ Kg7 37. c7 1-0

[Event "Queens Festival Europe 2022"]
[Site "Tornelo"]
[Date "2022.06.19"]
[Round "3.11"]
[White "Sainbayar, Anuurai"]
[Black "Ostafiev, Cristina"]
[Result "0-1"]
[ECO "A00"]
[WhiteElo "1512"]
[BlackElo "1173"]
[Annotator "NA RC"]
[PlyCount "44"]
[EventDate "2022.06.19"]
[EventType "swiss"]
[EventCountry "NET"]
[SourceTitle "playchess.com"]
[Source "ChessBase"]
[SourceQuality "1"]
[TimeControl "180+2"]

1. b4 e5 2. Bb2 Bxb4 3. Bxe5 Qg5 4. Bb2 Nc6 5. Nf3 Qg6 6. e3 d5 7. Nh4 Qh6 8. Nf3 Bg4 9. Be2 O-O-O 10. a3 Bd6 11. Nd4 Bxe2 12. Qxe2 Nxd4 13. Bxd4 Nf6 14. h3 Ne4 15. O-O g5 16. Qg4+ Kb8 17. d3 Nf6 18. Qe2 g4 19. Bxf6 Qxf6 20. Qxg4 Rhg8 21. Qe2 Qg6 22. Nd2 Qxg2# 0-1

[Event "Queens Festival Europe 2022"]
[Site "Tornelo"]
[Date "2022.06.19"]
[Round "4.1"]
[White "Machlik, Monika"]
[Black "Ibrahimova, Sabina"]
[Result "1-0"]
[ECO "E76"]
[WhiteElo "2134"]
[BlackElo "2146"]
[Annotator "NA RC"]
[PlyCount "49"]
[EventDate "2022.06.19"]
[EventType "swiss"]
[EventCountry "NET"]
[SourceTitle "playchess.com"]
[Source "ChessBase"]
[SourceQuality "1"]
[TimeControl "180+2"]

1. d4 Nf6 2. c4 g6 3. Nc3 Bg7 4. e4 d6 5. f4 O-O 6. Nf3 c5 7. d5 e6 8. dxe6 Bxe6 9. Bd3 Nc6 10. f5 Bc8 11. O-O Ng4 12. Kh1 Nge5 13. Bg5 f6 14. Be3 a6 15. Nd5 Bd7 16. fxg6 hxg6 17. Qd2 b5 18. b3 Rb8 19. Rac1 Be6 20. Bb1 Qd7 21. Bh6 Bxh6 22. Qxh6 Qg7 23. Qd2 bxc4 24. bxc4 Qh7 25. Nxe5 1-0

[Event "Queens Festival Europe 2022"]
[Site "Tornelo"]
[Date "2022.06.19"]
[Round "4.1"]
[White "Vujcic, Milena"]
[Black "Grigoryan, Meri"]
[Result "1-0"]
[ECO "C63"]
[WhiteElo "1987"]
[BlackElo "1993"]
[Annotator "NA RC"]
[PlyCount "63"]
[EventDate "2022.06.19"]
[EventType "swiss"]
[EventCountry "NET"]
[SourceTitle "playchess.com"]
[Source "ChessBase"]
[SourceQuality "1"]
[TimeControl "180+2"]

1. e4 e5 2. Nf3 Nc6 3. Bb5 f5 4. Nc3 Nf6 5. exf5 d6 6. O-O Bxf5 7. d4 e4 8. Re1 d5 9. Ne5 Bd7 10. Bg5 Qe7 11. Nxd5 Qd6 12. Nxf6+ gxf6 13. Qh5+ Ke7 14. Qf7+ Kd8 15. Bxf6+ Kc8 16. Bxh8 Be6 17. Qe8+ Nd8 18. Bc4 Bf5 19. Qh5 Bg6 20. Nxg6 hxg6 21. Qg4+ Kb8 22. Be5 Qc6 23. Bb3 a5 24. d5 Qb6 25. Rxe4 Ka7 26. Bd4 Bc5 27. Bxc5 Qxc5 28. Rc4 Qd6 29. Qg3 Qxd5 30. Qe3+ Kb8 31. Rxc7 Nc6 32. Bxd5 1-0

[Event "Queens Festival Europe 2022"]
[Site "Tornelo"]
[Date "2022.06.19"]
[Round "4.1"]
[White "Khalilova, Khadija"]
[Black "Lampard, Alice"]
[Result "1-0"]
[ECO "B76"]
[WhiteElo "1777"]
[BlackElo "1756"]
[Annotator "NA RC"]
[PlyCount "99"]
[EventDate "2022.06.19"]
[EventType "swiss"]
[EventCountry "NET"]
[SourceTitle "playchess.com"]
[Source "ChessBase"]
[SourceQuality "1"]
[TimeControl "180+2"]

1. e4 c5 2. Nf3 Nc6 3. d4 cxd4 4. Nxd4 g6 5. Nc3 Bg7 6. Be3 Nf6 7. Be2 O-O 8. Qd2 d6 9. f3 Bd7 10. g4 a6 11. h4 h5 12. g5 Ne8 13. f4 Nxd4 14. Bxd4 b5 15. Rf1 Bh3 16. Rf2 Nc7 17. Bxg7 Kxg7 18. f5 Qd7 19. f6+ Kg8 20. O-O-O b4 21. Nd5 Nxd5 22. exd5 a5 23. Qe3 Rac8 24. Kb1 Bf5 25. Bd3 Bxd3 26. Rxd3 Rc4 27. b3 Rxh4 28. Re2 Re8 29. fxe7 Rg4 30. Rd1 Qf5 31. Qb6 Qxg5 32. Qxd6 Rg1 33. Rxg1 Qxg1+ 34. Kb2 Qg5 35. Qe5 Qxe5+ 36. Rxe5 f6 37. Re3 Kf7 38. d6 g5 39. Kc1 f5 40. Kd1 f4 41. Re4 Kf6 42. Ke2 Kf5 43. d7 Kxe4 44. dxe8=Q f3+ 45. Kf2 g4 46. Qxh5 Kf4 47. e8=Q g3+ 48. Kf1 g2+ 49. Kf2 a4 50. Qee5# 1-0

[Event "Queens Festival Europe 2022"]
[Site "Tornelo"]
[Date "2022.06.19"]
[Round "4.1"]
[White "Trivella, Maria"]
[Black "Aydogan, Arya"]
[Result "0-1"]
[ECO "D31"]
[WhiteElo "1269"]
[BlackElo "1409"]
[Annotator "NA RC"]
[PlyCount "86"]
[EventDate "2022.06.19"]
[EventType "swiss"]
[EventCountry "NET"]
[SourceTitle "playchess.com"]
[Source "ChessBase"]
[SourceQuality "1"]
[TimeControl "180+2"]

1. d4 d5 2. c4 e6 3. Nc3 a6 4. Nf3 dxc4 5. e4 b5 6. a4 b4 7. Ne2 Bb7 8. Ng3 c5 9. Bxc4 Nc6 10. d5 Na5 11. b3 exd5 12. exd5 Nxc4 13. Qe2+ Qe7 14. bxc4 Qxe2+ 15. Nxe2 Bd6 16. Bf4 Kd7 17. Kd2 Ne7 18. g4 Ng6 19. Bxd6 Kxd6 20. h4 f6 21. h5 Ne5 22. Nxe5 fxe5 23. Rhf1 g6 24. h6 Rhf8 25. Ng3 Rf4 26. Ke3 Rxc4 27. Ne4+ Kxd5 28. Rfd1+ Rd4 29. Nf6+ Ke6 30. Nxh7 Rh8 31. Ng5+ Kf6 32. Nf3 Bxf3 33. Kxf3 Rxh6 34. Rac1 Rh3+ 35. Kg2 Rc3 36. f3 Rxc1 37. Rxc1 c4 38. Kf2 a5 39. Ke2 c3 40. Rc2 Rd2+ 41. Rxd2 cxd2 42. Kxd2 Kg5 43. Kd3 Kf4 0-1

[Event "Queens Festival Europe 2022"]
[Site "Tornelo"]
[Date "2022.06.19"]
[Round "4.2"]
[White "Richtrova, Eliska"]
[Black "Head, Louise"]
[Result "1/2-1/2"]
[ECO "B11"]
[WhiteElo "2204"]
[BlackElo "2025"]
[Annotator "NA RC"]
[PlyCount "112"]
[EventDate "2022.06.19"]
[EventType "swiss"]
[EventCountry "NET"]
[SourceTitle "playchess.com"]
[Source "ChessBase"]
[SourceQuality "1"]
[TimeControl "180+2"]

1. e4 c6 2. Nc3 d5 3. Nf3 Nf6 4. e5 Ne4 5. d4 Nxc3 6. bxc3 c5 7. Be2 Nc6 8. O-O e6 9. Rb1 Qa5 10. dxc5 Qxc3 11. Be3 Qa5 12. c4 Qxa2 13. cxd5 Qxd5 14. Qc2 Qd8 15. Rfd1 Qc7 16. Qb2 Be7 17. Bd3 O-O 18. Be4 a5 19. Qb6 Qxb6 20. cxb6 Nb4 21. Nd4 Nd5 22. Bxd5 exd5 23. Nb5 Be6 24. f4 g6 25. h3 h5 26. Rdc1 Rac8 27. Rc7 Rxc7 28. bxc7 Bd7 29. Nd6 Bxd6 30. exd6 Bc6 31. Bd4 Re8 32. Kf2 a4 33. g4 hxg4 34. hxg4 f5 35. g5 Kf7 36. Be5 d4 37. Rxb7 Bxb7 38. d7 Ke7 39. dxe8=Q+ Kxe8 40. Bxd4 a3 41. Ke3 Kd7 42. Be5 a2 43. Kd2 Bd5 44. Kd3 Be6 45. Kc2 a1=Q 46. Bxa1 Kxc7 47. Be5+ Kd7 48. Kd3 Ke7 49. Kd4 Kf7 50. Kc5 Ba2 51. Kd6 Bb1 52. Bf6 Be4 53. Be5 Bc2 54. Bf6 Be4 55. Be5 Bc2 56. Bf6 Be4 1/2-1/2

[Event "Queens Festival Europe 2022"]
[Site "Tornelo"]
[Date "2022.06.19"]
[Round "4.2"]
[White "Deak-Sala, Emilia"]
[Black "Gjergji, Rozana"]
[Result "1-0"]
[ECO "C55"]
[WhiteElo "1883"]
[BlackElo "1920"]
[Annotator "NA RC"]
[PlyCount "39"]
[EventDate "2022.06.19"]
[EventType "swiss"]
[EventCountry "NET"]
[SourceTitle "playchess.com"]
[Source "ChessBase"]
[SourceQuality "1"]
[TimeControl "180+2"]

1. e4 e5 2. Nf3 Nc6 3. Bc4 Be7 4. d3 Nf6 5. c3 O-O 6. Bb3 d6 7. Nbd2 Bg4 8. Nf1 Qd7 9. Ng3 h6 10. h3 Be6 11. Bc2 d5 12. Qe2 dxe4 13. dxe4 Bc5 14. O-O Rad8 15. Nh4 Qe7 16. Nhf5 Qe8 17. Qf3 Ne7 18. Nxh6+ gxh6 19. Qxf6 Bxh3 20. Bxh6 1-0

[Event "Queens Festival Europe 2022"]
[Site "Tornelo"]
[Date "2022.06.19"]
[Round "4.2"]
[White "Rybackova, Lucie"]
[Black "Omeri, Eklea"]
[Result "1-0"]
[ECO "D20"]
[WhiteElo "1696"]
[BlackElo "1525"]
[Annotator "NA RC"]
[PlyCount "91"]
[EventDate "2022.06.19"]
[EventType "swiss"]
[EventCountry "NET"]
[SourceTitle "playchess.com"]
[Source "ChessBase"]
[SourceQuality "1"]
[TimeControl "180+2"]

1. d4 d5 2. c4 dxc4 3. e4 c6 4. Bxc4 Nf6 5. Nc3 g6 6. Nf3 Bg7 7. O-O O-O 8. a3 Bg4 9. Be3 e6 10. h3 Bxf3 11. Qxf3 Nbd7 12. Rfd1 Qc7 13. Rac1 Nb6 14. Ba2 h6 15. d5 exd5 16. exd5 Rac8 17. Bf4 Qd7 18. dxc6 Qxc6 19. Nd5 Qe6 20. Nxf6+ Qxf6 21. b4 g5 22. Be3 Qxf3 23. gxf3 Rxc1 24. Bxc1 Rc8 25. Be3 Na4 26. Bd4 Bxd4 27. Rxd4 Nc3 28. Bc4 Kf8 29. Bf1 b6 30. Kg2 a5 31. Rd6 axb4 32. axb4 b5 33. Rb6 Rc4 34. Bxc4 bxc4 35. Rc6 Ne2 36. Rxc4 Nf4+ 37. Kh2 Nd5 38. b5 Nb6 39. Rc6 Nd5 40. b6 Ke7 41. b7 Kd7 42. b8=Q Kxc6 43. Qc8+ Kd6 44. Qd8+ Ke6 45. Qc8+ Kf6 46. Qa6+ 1-0

[Event "Queens Festival Europe 2022"]
[Site "Tornelo"]
[Date "2022.06.19"]
[Round "4.2"]
[White "Bakhshizada, Asnad"]
[Black "Vujovic, Vera"]
[Result "0-1"]
[ECO "D53"]
[WhiteElo "1052"]
[BlackElo "1353"]
[Annotator "NA RC"]
[PlyCount "140"]
[EventDate "2022.06.19"]
[EventType "swiss"]
[EventCountry "NET"]
[SourceTitle "playchess.com"]
[Source "ChessBase"]
[SourceQuality "1"]
[TimeControl "180+2"]

1. d4 d5 2. c4 e6 3. Nc3 c6 4. Nf3 Nf6 5. Bg5 Be7 6. e3 dxc4 7. Bxc4 b5 8. Bd3 a6 9. Bxf6 Bxf6 10. Ne4 Bb7 11. Nc5 Qe7 12. O-O O-O 13. Qc2 h6 14. Rac1 a5 15. e4 Na6 16. Nxb7 Qxb7 17. e5 Nb4 18. Qd2 Be7 19. Bb1 Rad8 20. a3 Nd5 21. Qc2 g6 22. Qxc6 Qxc6 23. Rxc6 Nf4 24. Rc7 Rfe8 25. Re1 Rc8 26. Rb7 b4 27. axb4 Bxb4 28. Rd1 Red8 29. g3 Nd5 30. Kg2 Rc4 31. Ba2 Rc2 32. Bxd5 Rxd5 33. Rb1 g5 34. h3 Kg7 35. g4 Re2 36. Rc7 Re4 37. Rbc1 a4 38. R1c4 Ba5 39. Rxa4 Bxc7 40. b4 Bb6 41. Ra6 Bxd4 42. Nxd4 Rexd4 43. Rb6 Rxe5 44. Kf3 Ree4 45. b5 Re5 46. Rb8 Rb4 47. b6 Reb5 48. b7 Rxb7 49. Ra8 Rb3+ 50. Kg2 Rb2 51. Ra3 Re2 52. Rf3 Kg6 53. Kg3 f5 54. gxf5+ exf5 55. Kg2 g4 56. hxg4 fxg4 57. Rg3 h5 58. Ra3 h4 59. Ra6+ Kf5 60. Ra5+ Re5 61. Ra4 h3+ 62. Kh2 Rb2 63. Kg3 Rb3+ 64. Kh2 Re2 65. Kg1 Rb1+ 66. Kh2 Rxf2+ 67. Kg3 Rf3+ 68. Kh4 Rb5 69. Ra1 h2 70. Rh1 Rh3# 0-1

[Event "Queens Festival Europe 2022"]
[Site "Tornelo"]
[Date "2022.06.19"]
[Round "4.3"]
[White "Ismayil, Malak"]
[Black "Gueci, Tea"]
[Result "0-1"]
[ECO "B30"]
[WhiteElo "2001"]
[BlackElo "2248"]
[Annotator "NA RC"]
[PlyCount "72"]
[EventDate "2022.06.19"]
[EventType "swiss"]
[EventCountry "NET"]
[SourceTitle "playchess.com"]
[Source "ChessBase"]
[SourceQuality "1"]
[TimeControl "180+2"]

1. e4 c5 2. Nf3 Nc6 3. Bb5 e6 4. Bxc6 bxc6 5. b3 d5 6. d3 Nf6 7. e5 Nd7 8. O-O Be7 9. Bb2 O-O 10. Nbd2 f6 11. exf6 Bxf6 12. d4 Re8 13. c4 e5 14. dxe5 Nxe5 15. Nxe5 Bxe5 16. Bxe5 Rxe5 17. Nf3 Re7 18. Qd3 d4 19. Rad1 g6 20. Nd2 Bf5 21. Qg3 Qc7 22. Qg5 Rae8 23. Nf3 Re4 24. h3 Qe7 25. Qg3 a5 26. a3 Qf6 27. Ng5 Re2 28. Qf4 Qe5 29. Qh4 Qg7 30. b4 axb4 31. a4 Bc2 32. Rc1 b3 33. a5 b2 34. Rb1 Bxb1 35. Rxb1 Re1+ 36. Kh2 Rxb1 0-1

[Event "Queens Festival Europe 2022"]
[Site "Tornelo"]
[Date "2022.06.19"]
[Round "4.3"]
[White "Bordin, Silvia"]
[Black "Shuqja, Klean"]
[Result "0-1"]
[ECO "C45"]
[WhiteElo "1991"]
[BlackElo "1839"]
[Annotator "NA RC"]
[PlyCount "110"]
[EventDate "2022.06.19"]
[EventType "swiss"]
[EventCountry "NET"]
[SourceTitle "playchess.com"]
[Source "ChessBase"]
[SourceQuality "1"]
[TimeControl "180+2"]

1. e4 e5 2. Nf3 Nc6 3. d4 exd4 4. Nxd4 Qf6 5. Nf3 Bc5 6. Nc3 Bb4 7. Bd2 Qe7 8. Qe2 Nf6 9. O-O-O Bxc3 10. Bxc3 d6 11. Re1 O-O 12. Nd2 a6 13. Qf3 Ne5 14. Qe2 b5 15. h3 c5 16. f4 Nc6 17. b3 Bb7 18. g4 Rfe8 19. Bg2 Nd7 20. Qf2 Rab8 21. h4 a5 22. g5 a4 23. h5 axb3 24. cxb3 c4 25. g6 fxg6 26. hxg6 h6 27. e5 b4 28. Bd5+ Kh8 29. exd6 Qxe1+ 30. Rxe1 Rxe1+ 31. Qxe1 bxc3 32. Nxc4 Nd4 33. Bxb7 Nf6 34. Bg2 Rd8 35. Kb1 c2+ 36. Kc1 Re8 37. Qxe8+ Nxe8 38. Ne5 Nxd6 39. a4 Nxb3+ 40. Kxc2 Nd4+ 41. Kb2 N4f5 42. a5 Nb5 43. a6 Kg8 44. Bc6 Na7 45. Bd5+ Kf8 46. Nc6 Nb5 47. Bc4 Nc7 48. a7 Nd6 49. Bf1 Na8 50. Bg2 Nb6 51. Ne5 Ke7 52. a8=Q Nxa8 53. Bxa8 Kf6 54. Bd5 Nf5 55. Be4 Ng3 0-1

[Event "Queens Festival Europe 2022"]
[Site "Tornelo"]
[Date "2022.06.19"]
[Round "4.3"]
[White "Subramanian, Anusha"]
[Black "Bayona, Karin Silvana"]
[Result "1-0"]
[ECO "A45"]
[WhiteElo "1671"]
[BlackElo "1793"]
[Annotator "NA RC"]
[PlyCount "57"]
[EventDate "2022.06.19"]
[EventType "swiss"]
[EventCountry "NET"]
[SourceTitle "playchess.com"]
[Source "ChessBase"]
[SourceQuality "1"]
[TimeControl "180+2"]

1. d4 Nf6 2. Bg5 Ne4 3. Bf4 d5 4. e3 g6 5. Nd2 Nxd2 6. Qxd2 Bg7 7. Nf3 O-O 8. Bd3 Nd7 9. h4 c5 10. c3 cxd4 11. exd4 Nf6 12. O-O-O Qa5 13. Kb1 b5 14. Ne5 Qb6 15. Qe2 b4 16. cxb4 Qxb4 17. g4 Nd7 18. Nc6 Qb6 19. Nxe7+ Kh8 20. Nxc8 Raxc8 21. Be3 Rb8 22. Rd2 Rfe8 23. Qd1 Nf6 24. h5 Ne4 25. Bxe4 Rxe4 26. hxg6 fxg6 27. Rh3 Bxd4 28. Bxd4+ Rxd4 29. Rb3 1-0

[Event "Queens Festival Europe 2022"]
[Site "Tornelo"]
[Date "2022.06.19"]
[Round "4.3"]
[White "Ismayilova, Khanim"]
[Black "Jafarova, Aysel"]
[Result "1-0"]
[ECO "D27"]
[WhiteElo "1647"]
[BlackElo "1481"]
[Annotator "NA RC"]
[PlyCount "81"]
[EventDate "2022.06.19"]
[EventType "swiss"]
[EventCountry "NET"]
[SourceTitle "playchess.com"]
[Source "ChessBase"]
[SourceQuality "1"]
[TimeControl "180+2"]

1. c4 e6 2. Nc3 d5 3. e3 Nf6 4. d4 dxc4 5. Bxc4 c5 6. Nf3 a6 7. O-O b5 8. Be2 Bb7 9. b3 Nbd7 10. Bb2 Qb8 11. Rc1 Bd6 12. h3 O-O 13. Qd2 cxd4 14. Nxd4 Rd8 15. Rfd1 Nc5 16. Qc2 h6 17. Bf3 Bxf3 18. Nxf3 Qb7 19. Ne2 Nce4 20. Ned4 Rac8 21. Qe2 Rxc1 22. Rxc1 Rc8 23. Qd1 Rc7 24. Nc2 Rd7 25. Qe2 Bb8 26. Rd1 Qc8 27. Nb4 a5 28. Nc2 b4 29. Rxd7 Qxd7 30. Ncd4 Qc7 31. Nb5 Qc6 32. Ne5 Bxe5 33. Bxe5 Qc1+ 34. Kh2 Nd5 35. Bb2 Qb1 36. Be5 Nec3 37. Qc4 Qf5 38. Bd4 Qe4 39. Qc8+ Kh7 40. Qf8 Qg6 41. Nd6 1-0